 Dungeon Sprint DCSS version 0.30-a0-137-gd8773701ce (webtiles) character file.

Game seed: 642442449348614778

5 Pilot the Shield-Bearer (level 1, -3/19 HPs)
             Began as a Demigod Fighter on Sept 22, 2022.
             Succumbed to a scorpion's poison
             ... in the Dungeon (Sprint IX: "|||||||||||||||||||||||||||||").
             The game lasted 00:00:30 (29 turns).

Pilot the Shield-Bearer (Demigod Fighter)             Turns: 29, Time: 00:00:30

Health: -3/19      AC:  6    Str: 17    XL:     1   Next: 53%
Magic:  3/3        EV:  9    Int: 10    God:
Gold:   0          SH:  4    Dex: 13    Spells: 0/0 levels left

rFire   . . .      SeeInvis .    a - +0 long sword
rCold   . . .      Faith    .    c - +0 buckler
rNeg    . . .      Spirit   .    b - +0 scale mail
rPois   .          Reflect  .    (no helmet)
rElec   .          Harm     .    (no cloak)
rCorr   .          Rampage  .    (no gloves)
Will    .....      NoTele   +    (no boots)
Stlth   ..........               (no amulet)
HPRegen 0.06/turn                (no ring)
MPRegen 0.08/turn                (no ring)

@: lethally poisoned (-3 -> -25)
A: high MP 1, forlorn, divine attributes
a: no special abilities


You were in the Dungeon.
You visited 1 branch

Inventory:

Hand Weapons
 a - a +0 long sword (weapon)
Armour
 b - a +0 scale mail (worn)
 c - a +0 buckler (worn)
Scrolls
 j - a scroll of blinking
Potions
 d - a potion of might
 e - a potion of curing
 f - a potion of heal wounds
 g - a potion of haste
 h - 2 potions of magic
 i - a potion of berserk rage


   Skills:
 + Level 3.2 Fighting
 + Level 2.1 Long Blades
 + Level 3.1 Armour
 + Level 3.2 Shields


You couldn't memorise any spells.
You didn't know any spells.
Your spell library was empty.

Dungeon Overview and Level Annotations

Branches:
Dungeon (1/1)


Innate Abilities, Weirdness & Mutations

You have an increased reservoir of magic. (+10% MP)
You shall have no god before yourself.
Your divine heritage dramatically boosts your attributes as you level up.


Message History

You closely miss the goblin. The goblin hits you but does no damage.
The goblin hits you with a +0 club.
You slash the goblin!
You kill the goblin!
There is an open door to the Dungeon here.
Things that are here:
a +0 club; a ball python corpse
There are no items here.
You open the door.
An ufetubus, a white imp, 2 orcs and a scorpion come into view.
An orc is wielding a +1 short sword of distortion.
The orc shouts!
The ufetubus shouts!
The white imp shouts, "Decamp, thou bumbling nut-hook pot-faker!"
The orc shouts!
Okay, then.
You barely miss the scorpion. The scorpion barely misses you.
The orc shouts noisily.
The scorpion stings you.
You closely miss the scorpion. The scorpion barely misses you.
You slash the scorpion!
The scorpion is heavily wounded.
The scorpion barely misses you. The scorpion stings you.
You are lethally poisoned!
The scorpion poisons you!
You closely miss the scorpion.
The scorpion is heavily wounded.
You feel very sick.
The scorpion stings you but does no damage.
You closely miss the scorpion.
The scorpion is heavily wounded.
* * * LOW HITPOINT WARNING * * *
You feel very sick. The scorpion stings you.
* * * LOW HITPOINT WARNING * * *
You are more poisoned.
The scorpion poisons you!
The scorpion stings you but does no damage.
You completely miss the scorpion.
The scorpion is heavily wounded.
You die...

▓+▓
▓.▓
▓o▓
▓5▓
▓5▓
▓o▓
▓s▓
▓@▓
▓.▓
▓.▓
▓.▓
▓.▓
▓)▓
▓.▓
▓.▓
▓.▓


You could see a scorpion, a white imp, 2 orcs and an ufetubus.

Vanquished Creatures
  An endoplasm (D)
  A goblin (D)
  A hobgoblin (D)
  A ball python (D)
  A rat (D)
5 creatures vanquished.

Notes
Turn   | Place    | Note
-------+----------+-------------------------------------------
     0 | D        | Pilot the Demigod Fighter began the quest for the Orb.
     0 | D        | Reached XP level 1. HP: 18/18 MP: 3/3
    23 | D        | Noticed a scorpion
    29 | D        | Succumbed to a scorpion's poison

Illustrated notes

Levels and vault maps discovered:
D:        linesprint [early_d, line_temple, items_1, d_10, items_2, lair_1,
          lair_end, items_3, orc_1, orc_end, items_4, d_15, swamp_1, shoals_1,
          snake_1, spider_1, d_20, vaults_1, items_5, swamp_end, shoals_end,
          snake_end, spider_end, vaults_end, d_27, items_6, zot_1, zot_end,
          crypt_end, forest_end, elf_end, slime_end, tomb_end, abyss_end,
          pan_hell_end]

Skill      XL: |  1 |
---------------+----+-----
Fighting       | 3 |  3.2
Armour         | 3 |  3.1
Shields        | 3 |  3.2
Long Blades    | 2 |  2.1

Action                   || total
-------------------------++-------
Melee: Long sword        ||    19
Armor: Scale mail        ||     6
Dodge: Dodged            ||     9
Block: Buckler           ||     1

Table legend: (Time is in decaauts)
 A = Elapsed time spent in this place.
 B = Non-inter-level travel time spent in this place.
 C = Inter-level travel time spent in this place.
 D = Time resting spent in this place.
 E = Time spent auto-exploring this place.
 F = Levels seen in this place.
 G = Mean time per level.
                   A        B        C        D        E       F      G
               +--------+--------+--------+--------+--------+-----+--------+
         Total |     35 |     28 |      7 |      0 |      0 |   1 |   35.0 |
       Dungeon |     35 |     28 |      7 |      0 |      0 |   1 |   35.0 |
               +--------+--------+--------+--------+--------+-----+--------+

Top non-repeatable levels by time:
       D: 35 daAuts
